 Dungeon Crawl Stone Soup version 0.31-a0-1-g4198be8af4 (webtiles) character file.

Game seed: 7691244395880196589

5 jasper the Gusty (level 1, 0/13 HPs)
             Began as a Demonspawn Air Elementalist on May 1, 2023.
             Slain by a kobold
             ... wielding a +2 short sword of protection
              (4 damage)
             ... on level 1 of the Dungeon.
             The game lasted 00:00:45 (169 turns).

jasper the Gusty (Demonspawn Air Elementalist)       Turns: 169, Time: 00:00:46

Health: 0/13       AC:  2    Str:  8    XL:     1   Next: 66%
Magic:  0/3        EV: 12    Int: 16    God:
Gold:   21         SH:  0    Dex: 13    Spells: 3/4 levels left

rFire   . . .        (no weapon)
rCold   . . .        (no shield)
rNeg    . . .        a - +0 robe
rPois   .            (no helmet)
rElec   .            (no cloak)
rCorr   .            (no gloves)
SInv    .            (no boots)
Will    .....        (no amulet)
Stlth   ++           (no ring)
HPRegen 0.22/turn    (no ring)
MPRegen 0.08/turn

%: no passive effects
@: no status effects
A: no striking features
a: no special abilities


You were on level 1 of the Dungeon.
You visited 1 branch of the dungeon, and saw 1 of its levels.

You collected 21 gold pieces.

Inventory:

Armour
 a - a +0 robe (worn)


   Skills:
 - Level 1.7 Dodging
 - Level 1.7 Stealth
 - Level 2.0 Spellcasting
 + Level 1.4 Conjurations
 + Level 2.9 Air Magic


You had 3 spell levels left.
You knew the following spells:

 Your Spells              Type           Power      Damage    Failure   Level
a - Shock                 Conj/Air       32%        1d5       9%          1

Your spell library contained the following spells:

 Spells                   Type           Power      Damage    Failure   Level
 Static Discharge         Conj/Air       16%        2-3/arc   13%         2
 Swiftness                Air            10%        N/A       19%         3
 Airstrike                Air            5%         2d(1-17)  54%         4
 Alistair's Intoxication  Tmut/Pois      0%         N/A       99%         5
 Borgnjor's Vile Clutch   Necr/Erth      0%         N/A       99%         5
 Eringya's Noxious Bog    Tmut/Pois      0%         N/A       100%        6


Dungeon Overview and Level Annotations

Branches:
Dungeon (1/15)

Altars:


Message History

Aiming: Shock (safe; 9% risk of failure)
Press: ? - help, Shift-Dir - straight line The zap misses the kobold. x2; The bat barely misses you.
The kobold misses you.
You now have 0/3 mp.
The bat closely misses you. The bat barely misses you.
The kobold attacks as you move away!
The kobold hits you with a +2 short sword of protection.
The bat hits you but does no damage.
You take 2 damage, and have 5/13 hp.
The kobold attacks as you move away! The kobold misses you.
The bat hits you but does no damage. The bat barely misses you.
Your magical contamination has completely faded away.
The kobold attacks as you move away! The kobold hits you but does no damage.
The bat attacks as you move away! The bat hits you but does no damage. x2
The bat misses you. The bat barely misses you.
The bat attacks as you move away! The bat hits you but does no damage.
The bat misses you.
Casting: Shock (safe; 9% risk of failure)
Confirm with . or Enter, or press ? or * to list all spells.
Aiming: Shock (safe; 9% risk of failure)
Press: ? - help, Shift-Dir - straight line The zap hits the kobold.
The kobold is heavily wounded.
The zap misses the kobold.
You feel a bit more experienced.
You now have 0/3 mp.
You closely miss the kobold.
The kobold is heavily wounded.
The kobold hits you with a +2 short sword of protection.
* * * LOW HITPOINT WARNING * * *
You take 4 damage, and have 3/13 hp.
MASSIVE DAMAGE!!
Casting: Shock (safe; 9% risk of failure)
Confirm with . or Enter, or press ? or * to list all spells.
You don't have enough magic to cast this spell.
Unknown command.
The kobold attacks as you move away! The kobold closely misses you.
The kobold attacks as you move away!
The kobold hits you with a +2 short sword of protection.
You die...

#<........### ########....#
...........# ..
...........# .8.
#######..8.#
....#lhshS#....#.##...!....
.8..#######..8.#..#........
...............##.#........
#.8.....K@8.####..........
####.8.8.#### #....?.....
###.########..#........
#.........###........
###.......##..K......
##......#..####...#
#.................
#......##.......>.
#......##.........


You could see a kobold.

Vanquished Creatures
  A ball python (D:1)
  A giant cockroach (D:1)
  2 bats (D:1)
  A rat (D:1)
5 creatures vanquished.

Notes
Turn   | Place    | Note
-------+----------+-------------------------------------------
     0 | D:1      | jasper the Demonspawn Air Elementalist began the quest for
                  | the Orb.
     0 | D:1      | Reached XP level 1. HP: 13/13 MP: 3/3
    42 | D:1      | Noticed a redback
    42 | D:1      | Noticed a hog
    42 | D:1      | Noticed a water moccasin
    43 | D:1      | Noticed an iguana
    43 | D:1      | Noticed a polar bear
   169 | D:1      | Slain by a kobold

Illustrated notes

Levels and vault maps discovered:
D:1:      onia_arrival_zoo_common, layout_rooms, serial_shops, shop

Action                     || total
---------------------------++-------
  Melee: Unarmed           ||     8
   Cast: Shock             ||    13
    Use: Potion            ||     1
 Armour: Robe              ||     8
  Dodge: Dodged            ||    22

Table legend: (Time is in decaauts)
 A = Elapsed time spent in this place.
 B = Non-inter-level travel time spent in this place.
 C = Inter-level travel time spent in this place.
 D = Time resting spent in this place.
 E = Time spent auto-exploring this place.
 F = Levels seen in this place.
 G = Mean time per level.
                   A        B        C        D        E       F      G
               +--------+--------+--------+--------+--------+-----+--------+
         Total |    169 |    169 |      0 |     18 |     91 |   1 |  169.0 |
       Dungeon |    169 |    169 |      0 |     18 |     91 |   1 |  169.0 |
               +--------+--------+--------+--------+--------+-----+--------+

Top non-repeatable levels by time:
     D:1: 169 daAuts
